[Event "Titled Tuesday Blitz March 21 Late 2023"]
[White "Mendez Fortes, Eduardo Jesus"]
[Black "Yuan, Qingyu"]
[WhiteFideId "3502376"]
[BlackFideId "8609772"]
[WhiteElo "2307"]
[BlackElo "2359"]
[Result "1-0"]
[Round "02"]
[TimeControl "180+2"]
[Date "2023.03.21"]
[WhiteClock "0:00:20"]
[BlackClock "0:00:02"]

1. e4 e5 2. Nf3 Nc6 3. Bb5 Nf6 4. O-O Nxe4 5. Re1 Nd6 6. Nxe5 Be7 7. Bf1 Nxe5 8. Rxe5 O-O 9. Nc3 Ne8 10. Nd5 Bd6 11. Re1 c6 12. Ne3 Be7 13. c4 Nc7 14. b3 Bf6 15. d4 d5 16. Bb2 Be6 17. c5 Qd7 18. b4 Rfe8 19. a4 a6 20. Qb3 g6 21. Bc3 h5 22. Rab1 Bf5 23. Rbd1 Bg5 24. Nxf5 Qxf5 25. b5 axb5 26. axb5 Rxe1 27. Rxe1 cxb5 28. Bxb5 Nxb5 29. Qxb5 Qc2 30. Ba5 Qa2 31. Bb4 Qa6 32. Qd7 Qc4 33. Qxb7 Ra2 34. c6 Qxd4 35. Re8+ Kg7 36. Bf8+ Kf6 37. Qe7+ Kf5 38. Qxf7+ Bf6 39. Qe6+ Kg5 40. h4+ Kxh4 41. Qh3+ Kg5 42. Qg3+ Qg4 43. f4+ Kf5 44. Qd3+ Kxf4 45. Bh6+ g5 46. Qe3+ Kf5 47. Qe6+ Kg6 48. Rg8+ Kh7 49. Qf7+ Kxh6 50. Qg6# 1-0


[Site "https://www.chess.com"]

[Event "Titled Tuesday Blitz March 21 Late 2023"]
[White "Tanenbaum, Zachary"]
[Black "Petukhov, Dmitry"]
[WhiteFideId "2060850"]
[BlackFideId "4142748"]
[WhiteElo "2175"]
[BlackElo "2311"]
[Result "1-0"]
[Round "02"]
[TimeControl "180+2"]
[Date "2023.03.21"]
[WhiteClock "0:00:10"]
[BlackClock "0:00:01"]

1. e4 c5 2. Nf3 d6 3. d4 cxd4 4. Nxd4 Nf6 5. Nc3 Nc6 6. Bg5 Bd7 7. Bxf6 gxf6 8. Nf5 Qa5 9. Bd3 e6 10. Ne3 Rg8 11. O-O Ne5 12. f4 Qb6 13. Qd2 Ng4 14. Rae1 Bh6 15. Kh1 Nxe3 16. Rxe3 Qxb2 17. Rh3 Rg6 18. Rb1 Qa3 19. e5 f5 20. Nb5 Qc5 21. Nxd6+ Kf8 22. Rxb7 Bc6 23. Rxf7+ Kg8 24. Rg3 Rb8 25. Rxg6+ hxg6 26. h3 Rb1+ 27. Kh2 Qg1+ 28. Kg3 Bxg2 29. Qf2 Bxf4+ 30. Qxf4 Be4+ 31. Kh4 Qe1+ 32. Kg5 Bxd3 33. Kf6 Qc3 34. Rf8+ 1-0


[Site "https://www.chess.com"]

[Event "Titled Tuesday Blitz March 21 Late 2023"]
[White "Nazari, Arad"]
[Black "Hajiyev, Kanan"]
[WhiteFideId "12577324"]
[BlackFideId "13404148"]
[WhiteElo "2313"]
[BlackElo "2103"]
[Result "1-0"]
[Round "02"]
[TimeControl "180+2"]
[Date "2023.03.21"]
[WhiteClock "0:00:09"]
[BlackClock "0:00:05"]

1. e4 c6 2. Nf3 d5 3. Nc3 a6 4. h3 dxe4 5. Nxe4 Bf5 6. Ng3 Bg6 7. Ne5 Nd7 8. Nxg6 hxg6 9. b3 Ngf6 10. Bb2 e6 11. Be2 Bd6 12. Bf3 Qc7 13. Ne4 Nxe4 14. Bxe4 Be5 15. d4 Bf6 16. Qe2 O-O-O 17. O-O-O c5 18. Qe3 Qa5 19. Kb1 cxd4 20. Bxd4 Bxd4 21. Rxd4 Nf6 22. Ra4 Qd2 23. Qb6 Nxe4 24. Rxe4 Kb8 25. Rc1 Rh5 26. Rc4 Qd6 27. Rc6 Qxc6 28. Qxd8+ Ka7 29. Qd4+ Qc5 30. Qd2 Rf5 31. f3 Rd5 32. Qe2 Qd6 33. Qe4 Qb6 34. Qf4 Rf5 35. Qc4 a5 36. a4 Rc5 37. Qd4 Rf5 38. Qxg7 Qf2 39. Qc3 Rd5 40. g4 Qh2 41. f4 Qf2 42. f5 Qb6 43. fxg6 fxg6 44. Qf3 g5 45. Re1 Qc6 46. Qe3+ Qb6 47. Qxb6+ Kxb6 48. Rxe6+ Kc5 49. Re4 b5 50. axb5 Rd1+ 51. Kb2 Rh1 52. Re5+ Kd4 53. Rxg5 Rxh3 54. b6 Rh7 55. Rxa5 Rb7 56. Rb5 1-0


[Site "https://www.chess.com"]

[Event "Titled Tuesday Blitz March 21 Late 2023"]
[White "Ehlvest, Jaan"]
[Black "Mahdavi, Reza"]
[WhiteFideId "4500016"]
[BlackFideId "12595926"]
[WhiteElo "2442"]
[BlackElo "2208"]
[Result "1-0"]
[Round "02"]
[TimeControl "180+2"]
[Date "2023.03.21"]
[WhiteClock "0:00:23"]
[BlackClock "0:00:01"]

1. e4 c5 2. Nf3 e6 3. g3 Nc6 4. Bg2 Nf6 5. d3 d6 6. O-O Be7 7. Re1 O-O 8. c3 e5 9. h3 h6 10. d4 cxd4 11. cxd4 exd4 12. Nxd4 Nxd4 13. Qxd4 Be6 14. Nc3 Qa5 15. Bf4 Rfd8 16. Rad1 Rac8 17. a3 a6 18. Qd2 Qb6 19. Be3 Qb3 20. f4 Bf8 21. Qf2 Nd7 22. Bd4 Nc5 23. Kh2 Na4 24. Nxa4 Qxa4 25. Rd2 f6 26. g4 Bf7 27. Bc3 Re8 28. Qg3 Rcd8 29. h4 d5 30. Red1 Bd6 31. e5 fxe5 32. fxe5 Bf8 33. Bxd5 Bxd5 34. Rxd5 Qxd1 35. Rxd1 Rxd1 36. Qf3 Rd7 37. g5 hxg5 38. hxg5 g6 39. Qf6 Rh7+ 40. Kg2 Rg7 41. e6 Kh7 42. Qf3 Rc8 43. Qh3+ Kg8 44. e7 Rxc3 45. exf8=Q+ 1-0


[Site "https://www.chess.com"]

[Event "Titled Tuesday Blitz March 21 Late 2023"]
[White "Postny, Evgeny"]
[Black "Janaszak, Dawid"]
[WhiteFideId "2804344"]
[BlackFideId "1119206"]
[WhiteElo "2509"]
[BlackElo "2220"]
[Result "1-0"]
[Round "02"]
[TimeControl "180+2"]
[Date "2023.03.21"]
[WhiteClock "0:00:13"]
[BlackClock "0:00:08"]

1. e4 c5 2. Nf3 Nc6 3. Bb5 Nf6 4. Nc3 g6 5. O-O Bg7 6. Bxc6 dxc6 7. h3 Nd7 8. d3 e5 9. a3 Qe7 10. b4 Nf8 11. Na4 b6 12. Be3 Ne6 13. bxc5 b5 14. Nb2 f5 15. a4 f4 16. Bd2 Qxc5 17. axb5 cxb5 18. Qe1 Bf8 19. c4 b4 20. Na4 Qd6 21. c5 Qc7 22. Bxb4 Bd7 23. Nb6 Rb8 24. Nd5 Qd8 25. Nxe5 Bg7 26. Nxd7 Qxd7 27. c6 Qxc6 28. Rxa7 Rb7 29. Rxb7 Qxb7 30. Qd1 Kf7 31. Qf3 Be5 32. Rc1 Rc8 33. Qd1 Nd4 34. Bc3 Qa7 35. Bxd4 Rxc1 36. Qxc1 Qxd4 37. Nxf4 Bd6 38. h4 Bc5 39. Qc4+ Qxc4 40. dxc4 Kf6 41. Nd3 Bd4 42. g3 g5 43. hxg5+ Kxg5 44. Kg2 h5 45. f4+ Kg4 46. Nf2+ 1-0


[Site "https://www.chess.com"]

[Event "Titled Tuesday Blitz March 21 Late 2023"]
[White "Zhang, Derek"]
[Black "Manukyan, Sargis A."]
[WhiteFideId "2087871"]
[BlackFideId "13303970"]
[WhiteElo "2087"]
[BlackElo "2187"]
[Result "1-0"]
[Round "02"]
[TimeControl "180+2"]
[Date "2023.03.21"]
[WhiteClock "0:00:57"]
[BlackClock "0:00:37"]

1. Nf3 d5 2. c4 e6 3. e3 Nf6 4. Nc3 Be7 5. b3 O-O 6. Bb2 c5 7. cxd5 Nxd5 8. Qc2 Nb4 9. Qb1 N8c6 10. a3 Nd5 11. h4 Nxc3 12. dxc3 Bf6 13. c4 Qa5+ 14. Nd2 Bc3 15. Bxc3 Qxc3 16. Qc1 Qxc1+ 17. Rxc1 b6 18. Be2 Bb7 19. Bf3 Rab8 20. Ke2 Rfd8 21. Rhd1 Ne5 22. Bxb7 Rxb7 23. Nf3 Nc6 24. Rxd8+ Nxd8 25. Rd1 Rb8 26. Rd7 Nc6 27. Kd3 Kf8 28. Rc7 Na5 29. Kc3 Rb7 30. Rc8+ Ke7 31. b4 cxb4+ 32. axb4 Kd7 33. Rf8 Ke7 34. Rc8 Kd7 35. Rg8 Ke7 36. bxa5 bxa5 37. Rxg7 a4 38. Rg5 a3 39. Ra5 Rb2 40. Rxa7+ Kf6 41. Nd2 Ra2 42. f4 h5 43. c5 e5 44. c6 Ke6 45. fxe5 Rb2 46. Rxa3 Rb6 47. Nc4 Rxc6 48. Kd4 Kf5 49. e4+ Kg4 50. Rf3 Rc7 51. Nd6 Kxh4 52. Rxf7 Rc2 53. e6 Rd2+ 54. Ke5 Ra2 55. e7 Ra5+ 56. Ke6 Rg5 57. e8=Q Rg6+ 58. Rf6 Rg8 59. Rf4+ Rg4 60. Rxg4+ hxg4 61. Nf5+ Kg5 62. Qg8+ Kf4 63. e5 g3 64. Qxg3+ Ke4 65. Qe3# 1-0


[Site "https://www.chess.com"]

[Event "Titled Tuesday Blitz March 21 Late 2023"]
[White "Santos Ruiz, Miguel"]
[Black "Graif, William"]
[WhiteFideId "22291482"]
[BlackFideId "2609835"]
[WhiteElo "2504"]
[BlackElo "2205"]
[Result "1-0"]
[Round "02"]
[TimeControl "180+2"]
[Date "2023.03.21"]
[WhiteClock "0:00:33"]
[BlackClock "0:00:31"]

1. e4 e5 2. Nf3 Bc5 3. Nxe5 Nc6 4. Nxc6 dxc6 5. c3 Qh4 6. Qf3 Qh6 7. Na3 Bxa3 8. bxa3 Qg6 9. d3 Be6 10. Qg3 O-O-O 11. Qxg6 hxg6 12. Be3 f5 13. f3 Nf6 14. Be2 Kb8 15. O-O Nd7 16. Rfd1 b6 17. h3 c5 18. d4 cxd4 19. cxd4 Nf6 20. Bd3 Bc8 21. Rac1 fxe4 22. fxe4 Bb7 23. Bf4 Rd7 24. d5 Re8 25. Re1 Rde7 26. d6 Rf7 27. Bc4 Rd7 28. dxc7+ Kc8 29. Bb5 1-0


[Site "https://www.chess.com"]

[Event "Titled Tuesday Blitz March 21 Late 2023"]
[White "Luo, Terry"]
[Black "EREBUNI91"]
[WhiteFideId "30931045"]
[WhiteElo "2265"]
[BlackElo "2733"]
[Result "1-0"]
[Round "02"]
[TimeControl "180+2"]
[Date "2023.03.21"]
[WhiteClock "0:00:12"]
[BlackClock "0:00:06"]

1. d4 Nf6 2. c4 e6 3. g3 d5 4. Nf3 Bb4+ 5. Bd2 Be7 6. Bg2 O-O 7. O-O c6 8. Qc2 b6 9. Bf4 Bb7 10. Rd1 Nbd7 11. b3 Rc8 12. Nc3 Re8 13. Rac1 Nh5 14. Bd2 Ba3 15. Rb1 Qc7 16. e4 dxe4 17. Nxe4 c5 18. Nfg5 cxd4 19. Nxh7 Red8 20. Nhg5 Ndf6 21. Nxf6+ Nxf6 22. Bf4 Qe7 23. Bxb7 Qxb7 24. b4 Qa6 25. b5 Qb7 26. Be5 Be7 27. Rxd4 Rc5 28. Rxd8+ Bxd8 29. Re1 Qc8 30. Bxf6 Bxf6 31. Qh7+ Kf8 32. Ne4 Rc7 33. Rd1 Ke7 34. Nd6 Qa8 35. Qh5 Qf8 36. Qf3 Rd7 37. Qc6 Qd8 38. Nc8+ Ke8 39. Rxd7 Qxd7 40. Qxd7+ Kxd7 41. Nxa7 Kd6 42. Nc6 Kc5 43. a4 Kxc4 44. h4 Bc3 45. g4 Bb4 46. g5 Bc5 47. h5 Bd4 48. h6 gxh6 49. gxh6 Bh8 50. Kg2 Kc5 51. Kf3 Kd6 52. Ke4 f5+ 53. Kd3 Bf6 54. Kc4 e5 55. Nb4 e4 56. h7 f4 57. Nd5 Be5 58. Nxf4 e3 59. fxe3 1-0


[Site "https://www.chess.com"]

[Event "Titled Tuesday Blitz March 21 Late 2023"]
[White "Levitskiy, Andrey"]
[Black "Remolar Gallen, Jose"]
[WhiteFideId "14132885"]
[BlackFideId "2215187"]
[WhiteElo "2335"]
[BlackElo "2223"]
[Result "0-1"]
[Round "02"]
[TimeControl "180+2"]
[Date "2023.03.21"]
[WhiteClock "0:00:41"]
[BlackClock "0:00:17"]

1. e4 c5 2. Nf3 d6 3. d4 cxd4 4. Nxd4 Nf6 5. Nc3 a6 6. h3 e5 7. Nde2 h5 8. Bg5 Be7 9. Ng3 h4 10. Nf5 Bxf5 11. exf5 Nbd7 12. Bc4 Rc8 13. Bb3 Nc5 14. O-O Qd7 15. Bxf6 Bxf6 16. Qf3 Nxb3 17. axb3 Qc6 18. Nd5 Qxc2 19. Rac1 Qxc1 20. Rxc1 Rxc1+ 21. Kh2 Bg5 22. f6 gxf6 23. Nxf6+ Ke7 24. Nd5+ Ke6 25. Qg4+ Kxd5 26. Qxg5 Rhc8 27. Qxh4 R8c2 28. Qf6 Rxb2 29. h4 Rcc2 30. Qxf7+ Kc6 31. Qf3+ Kc7 32. h5 Rxf2 33. Qd5 Rbd2 34. Qc4+ Kd7 35. Qg4+ Ke7 36. h6 Rxg2+ 37. Kh3 Rxg4 38. Kxg4 Kf7 39. Kf3 Kg8 40. Ke3 Rb2 41. b4 Rb3+ 42. Ke4 Rxb4+ 43. Kd5 Rd4+ 44. Ke6 a5 45. Kf5 a4 46. Kg6 Kh8 47. h7 a3 48. Kf6 a2 49. Ke6 a1=Q 50. Ke7 b5 51. Ke6 b4 52. Ke7 b3 53. Ke6 b2 54. Ke7 b1=Q 55. Ke6 e4 56. Ke7 e3 57. Ke6 e2 58. Ke7 e1=Q+ 59. Kd7 Qb7+ 60. Kd8 Qaa8# 0-1


[Site "https://www.chess.com"]

[Event "Titled Tuesday Blitz March 21 Late 2023"]
[White "Ronka, Erik"]
[Black "Aldokhin, Ivan"]
[WhiteFideId "505080"]
[BlackFideId "24115720"]
[WhiteElo "2264"]
[BlackElo "2322"]
[Result "1-0"]
[Round "02"]
[TimeControl "180+2"]
[Date "2023.03.21"]
[WhiteClock "0:00:05"]
[BlackClock "0:00:05"]

1. e4 c5 2. Nf3 e6 3. g3 b6 4. Bg2 Bb7 5. Nc3 d6 6. O-O a6 7. Re1 Nf6 8. d4 cxd4 9. Nxd4 Nbd7 10. e5 Bxg2 11. exf6 Bb7 12. fxg7 Bxg7 13. Nf5 Be5 14. Nxd6+ Bxd6 15. Qxd6 Qe7 16. Bf4 Qxd6 17. Bxd6 h5 18. h4 O-O-O 19. Ne4 f6 20. Be7 Bxe4 21. Bxd8 Bd5 22. c4 Bb7 23. Be7 Ne5 24. Red1 f5 25. Bf6 Nf3+ 26. Kf1 Rf8 27. Bg5 e5 28. Ke2 f4 29. Rd6 Nd4+ 30. Rxd4 f3+ 31. Kd3 exd4 32. Kxd4 Rf7 33. Re1 Rd7+ 34. Kc3 Bc6 35. Re7 Rd1 36. Re5 Ra1 37. Be3 Rxa2 38. Rxh5 b5 39. cxb5 Bxb5 40. Rh8+ Kd7 41. h5 Ra1 42. h6 Rh1 43. h7 Bc6 44. g4 Be4 45. g5 Rxh7 46. Rf8 Rh5 47. Kd4 Bb1 48. Rf7+ Ke6 49. Ra7 Rh4+ 50. Kc3 Rg4 51. Rxa6+ Kd5 52. Rf6 Ke5 53. Rf8 Kd5 54. b4 Rc4+ 55. Kd2 Rc2+ 56. Kd1 Ra2 57. Kc1 Be4 58. Rg8 Kc4 59. Rd8 Ra1+ 60. Kb2 Rb1+ 61. Ka2 Bg6 62. Rd4+ Kc3 63. Rd6 Rb2+ 64. Ka3 Rb3+ 65. Ka4 Bc2 66. Ka5 Ra3+ 67. Kb6 Rb3 68. Bc5 Kc4 69. g6 Rb1 70. g7 Rg1 71. Rd7 Bf5 72. Rf7 Rg6+ 73. Kc7 Be4 74. Rf4 Kd3 75. Rf7 Rc6+ 76. Kd8 Rg6 77. Re7 Bd5 78. Rd7 Kc4 79. Bf8 Be6 80. Rd6 Bd5 81. Rxg6 Bf7 82. g8=Q Bxg8 83. Rxg8 Kb5 84. Rg3 Kc4 85. Rxf3 1-0


[Site "https://www.chess.com"]

[Event "Titled Tuesday Blitz March 21 Late 2023"]
[White "Bashirli, Nail"]
[Black "Schrik, Rachid"]
[WhiteFideId "13406809"]
[BlackFideId "1009818"]
[WhiteElo "2338"]
[BlackElo "2098"]
[Result "1-0"]
[Round "02"]
[TimeControl "180+2"]
[Date "2023.03.21"]
[WhiteClock "0:00:22"]
[BlackClock "0:00:16"]

1. e4 c5 2. Nc3 Nc6 3. Nf3 e5 4. Bc4 Be7 5. d3 d6 6. O-O Nf6 7. Nd5 Nxd5 8. Bxd5 O-O 9. c3 Be6 10. h3 Bf6 11. Qb3 Qc8 12. Nh2 Bxd5 13. exd5 Ne7 14. f4 exf4 15. Bxf4 Qd7 16. Ng4 Bh4 17. a4 Ng6 18. Qc4 f5 19. Ne3 Rfe8 20. Rf3 Nxf4 21. Qxf4 g6 22. Qxh4 1-0


[Site "https://www.chess.com"]

[Event "Titled Tuesday Blitz March 21 Late 2023"]
[White "Bochnicka, Vladimir"]
[Black "Beerdsen, Thomas"]
[WhiteFideId "14943450"]
[BlackFideId "1030108"]
[WhiteElo "2094"]
[BlackElo "2547"]
[Result "0-1"]
[Round "02"]
[TimeControl "180+2"]
[Date "2023.03.21"]
[WhiteClock "0:00:24"]
[BlackClock "0:02:37"]

1. e4 e5 2. Nf3 Nc6 3. Bc4 f5 4. d3 h6 5. O-O Nf6 6. Re1 fxe4 7. dxe4 Bc5 8. Be3 Bxe3 9. Rxe3 d6 10. Nc3 Na5 11. Be2 O-O 12. Nh4 Ng4 13. Bxg4 Qxh4 14. Rg3 Bxg4 15. Qxg4 Qxg4 16. Rxg4 Rf7 17. b3 Nc6 18. Ne2 Nb4 19. c3 Nd3 20. Rd1 Nxf2 0-1


[Site "https://www.chess.com"]

[Event "Titled Tuesday Blitz March 21 Late 2023"]
[White "Bilych, Olexiy"]
[Black "Mayaud, Raphael"]
[WhiteFideId "14156504"]
[BlackFideId "627151"]
[WhiteElo "2320"]
[BlackElo "2191"]
[Result "1-0"]
[Round "02"]
[TimeControl "180+2"]
[Date "2023.03.21"]
[WhiteClock "0:00:36"]
[BlackClock "0:00:08"]

1. d4 Nf6 2. c4 c5 3. d5 b5 4. cxb5 a6 5. f3 e6 6. e4 exd5 7. e5 Qe7 8. Qe2 Ng8 9. Nc3 Bb7 10. Nh3 Qd8 11. Nf4 Ne7 12. Bd2 Nf5 13. Nfxd5 Nd4 14. Qe4 Be7 15. Bd3 Kf8 16. O-O axb5 17. Nxb5 Nbc6 18. Nd6 Bxd6 19. exd6 Ne6 20. Qg4 Ncd4 21. Nf4 Qb6 22. Nxe6+ Nxe6 23. Bc4 Qxd6 24. Bc3 Qc6 25. Bxe6 Qxe6 26. Qxg7+ Ke7 27. Rfe1 1-0


[Site "https://www.chess.com"]

[Event "Titled Tuesday Blitz March 21 Late 2023"]
[White "victormago"]
[Black "Hernandez Gonzalez, William"]
[BlackFideId "3509915"]
[WhiteElo "2339"]
[BlackElo "2374"]
[Result "1-0"]
[Round "02"]
[TimeControl "180+2"]
[Date "2023.03.21"]
[WhiteClock "0:00:19"]
[BlackClock "0:00:01"]

1. d4 Nf6 2. c4 e6 3. Nc3 Bb4 4. Qc2 d5 5. cxd5 exd5 6. Nf3 h6 7. Bf4 c6 8. e3 Nbd7 9. h3 Ne4 10. Bd3 Ndf6 11. O-O Bxc3 12. bxc3 g5 13. Be5 g4 14. hxg4 Bxg4 15. Bxe4 dxe4 16. Bxf6 Qxf6 17. Qxe4+ Be6 18. Qe5 Qxe5 19. Nxe5 Rg8 20. Rfb1 O-O-O 21. Kh2 h5 22. a4 h4 23. a5 f6 24. Nf3 Rg4 25. a6 b6 26. Nd2 Rdg8 27. Rg1 Kc7 28. f3 Rg3 29. Ne4 R3g6 30. g4 Bc8 31. Nf2 Rg5 32. e4 Rb5 33. Rgb1 Rxb1 34. Rxb1 Bxa6 35. Kh3 Be2 36. f4 Rh8 37. Re1 Bc4 38. e5 fxe5 39. dxe5 a5 40. f5 a4 41. e6 Kd6 42. g5 Rf8 43. Kg4 a3 44. Ne4+ Ke7 45. Nd2 Bd5 46. c4 Bg2 47. Ra1 Ra8 48. Kxh4 b5 49. cxb5 cxb5 50. Kg4 b4 51. Kf4 Bd5 52. Ke5 Ra5 53. f6+ Ke8 54. Kd6 Bg2 55. g6 Ra6+ 56. Ke5 Ra5+ 57. Kf4 Bd5 58. e7 b3 59. Nxb3 Bxb3 60. Rh1 Bg8 61. Rh8 Ra4+ 62. Kg5 Ra5+ 63. Kh6 1-0


[Site "https://www.chess.com"]

[Event "Titled Tuesday Blitz March 21 Late 2023"]
[White "Gadimbayli, Abdulla"]
[Black "Rosenberg, Evan S"]
[WhiteFideId "13404938"]
[BlackFideId "2019299"]
[WhiteElo "2390"]
[BlackElo "2337"]
[Result "1-0"]
[Round "02"]
[TimeControl "180+2"]
[Date "2023.03.21"]
[WhiteClock "0:00:47"]
[BlackClock "0:00:01"]

1. e4 e5 2. Nf3 Nc6 3. Nc3 Nf6 4. d4 exd4 5. Nxd4 Bb4 6. Nxc6 bxc6 7. Bd3 d5 8. exd5 O-O 9. O-O Bg4 10. f3 Bh5 11. Bg5 cxd5 12. Bxf6 Qxf6 13. Nxd5 Qxb2 14. Rb1 Qd4+ 15. Kh1 Bc5 16. Rb4 Qe5 17. Re1 Qd6 18. Rh4 Bg6 19. Ne7+ Qxe7 20. Rxe7 Bxe7 21. Rc4 Bd6 22. Bxg6 hxg6 23. g3 Rfe8 24. Kg2 Rad8 25. Rd4 Rb8 26. Qd3 Rb1 27. Re4 Reb8 28. Qd4 a5 29. Qa4 Ra8 30. Re8+ Rxe8 31. Qxe8+ Bf8 32. Qa8 Rb2 33. Qxa5 Rxc2+ 34. Kh3 c5 35. Qa4 Rc1 36. Qa3 Rc2 37. Qb3 Rc1 38. Qb2 Rc4 39. a3 Ra4 40. Qb3 Ra5 41. a4 g5 42. Kg4 g6 43. Qc4 Be7 44. Kh3 Ra7 45. Qb5 Kg7 46. Qc6 Bf6 47. Qb5 1-0


[Site "https://www.chess.com"]

[Event "Titled Tuesday Blitz March 21 Late 2023"]
[White "Storn, Justin"]
[Black "Fernandez Guillen, Ernesto J."]
[WhiteFideId "30922720"]
[BlackFideId "3512428"]
[WhiteElo "2310"]
[BlackElo "2423"]
[Result "0-1"]
[Round "02"]
[TimeControl "180+2"]
[Date "2023.03.21"]
[WhiteClock "0:00:02"]
[BlackClock "0:00:13"]

1. d4 Nf6 2. c4 g6 3. Nc3 Bg7 4. e4 d6 5. Nf3 O-O 6. Be2 e5 7. Be3 Nc6 8. d5 Ne7 9. Nd2 Ne8 10. Qc2 f5 11. f3 f4 12. Bf2 b6 13. g4 fxg3 14. hxg3 a5 15. Be3 Rf7 16. O-O-O Nf6 17. g4 Nd7 18. Rh3 Nc5 19. Rdh1 Bf8 20. Nf1 Ba6 21. Ng3 Qd7 22. a4 Rb8 23. b3 Rb7 24. Bd1 Nc8 25. Bg5 Na7 26. Qh2 Nd3+ 27. Kd2 Nf4 28. Rh4 c6 29. Nf1 b5 30. dxc6 Qxc6 31. axb5 Bxb5 32. cxb5 Nxb5 33. Nxb5 Qxb5 34. Bxf4 exf4 35. Ke1 Bg7 36. Qc2 Rbc7 37. Qe2 Qb6 38. Nd2 Rc1 39. Kf1 Bc3 40. Kg2 Qd4 41. Nc4 Re7 42. Rh6 d5 43. exd5 Rxe2+ 44. Bxe2 Rxh1 45. Rxh1 Qxd5 46. Rd1 Qe6 47. Rd8+ Kg7 48. Kf1 Kh6 49. Rd6 Qe7 50. Rd5 Qh4 51. Bd3 Qe1+ 52. Kg2 Qg3+ 53. Kf1 Qxf3+ 54. Kg1 Qxd5 55. g5+ Qxg5+ 56. Kf2 Qg3+ 57. Kf1 Qxd3+ 58. Kf2 a4 59. Ne5 Bxe5 60. bxa4 Qe3+ 61. Kg2 Qg3+ 62. Kf1 f3 63. a5 Qg2+ 64. Ke1 Qe2# 0-1


[Site "https://www.chess.com"]

[Event "Titled Tuesday Blitz March 21 Late 2023"]
[White "Maatman, Nick"]
[Black "Wang, Alexander J"]
[WhiteFideId "1040391"]
[BlackFideId "30955270"]
[WhiteElo "2706"]
[BlackElo "2261"]
[Result "1-0"]
[Round "02"]
[TimeControl "180+2"]
[Date "2023.03.21"]
[WhiteClock "0:01:10"]
[BlackClock "0:00:14"]

1. d4 d5 2. c4 e6 3. Nf3 c5 4. cxd5 exd5 5. Nc3 Nc6 6. dxc5 d4 7. Na4 Bxc5 8. Nxc5 Qa5+ 9. Bd2 Qxc5 10. Rc1 Qb6 11. e3 dxe3 12. Bxe3 Qb4+ 13. Qd2 Qxd2+ 14. Nxd2 Nge7 15. Bc4 O-O 16. O-O Nf5 17. Bc5 Rd8 18. Ne4 b6 19. Ba3 Bb7 20. Ng3 Nxg3 21. fxg3 Ne5 22. Bb3 Rd2 23. Rc2 Rad8 24. Re1 Rxg2+ 25. Rxg2 Nf3+ 26. Kf1 Nxe1 27. Rf2 Nd3 28. Rxf7 Kh8 29. Rxb7 1-0


[Site "https://www.chess.com"]

[Event "Titled Tuesday Blitz March 21 Late 2023"]
[White "ritanovikova"]
[Black "Korchmar, Vasiliy"]
[BlackFideId "24131750"]
[WhiteElo "2200"]
[BlackElo "2370"]
[Result "1/2-1/2"]
[Round "02"]
[TimeControl "180+2"]
[Date "2023.03.21"]
[WhiteClock "0:00:13"]
[BlackClock "0:00:28"]

1. e4 c5 2. Nc3 d6 3. d3 Nc6 4. g3 g6 5. Bg2 Bg7 6. Be3 Rb8 7. Qd2 b5 8. Nd1 b4 9. h4 h5 10. Ne2 e6 11. d4 cxd4 12. Nxd4 Ne5 13. f4 Nc4 14. Qd3 Nxe3 15. Nxe3 Qb6 16. O-O-O Ba6 17. Nc4 Qc5 18. Bf1 d5 19. exd5 Qxd5 20. Nd6+ Qxd6 21. Qxa6 Qxa6 22. Bxa6 Ne7 23. Bb5+ Kf8 24. Nc6 Nxc6 25. Bxc6 Rc8 26. Bd7 Rc7 27. Bb5 Bf6 28. Rd3 Kg7 29. Rhd1 Rhc8 30. Ba4 e5 31. fxe5 Bxe5 32. Rf1 f6 33. Kb1 Rc4 34. Rfd1 R8c7 35. Rd7+ Rxd7 36. Rxd7+ Kh6 37. Rd3 Rg4 38. a3 bxa3 39. Rxa3 Rxg3 40. Bb3 Bd4 41. Ra6 Bb6 42. Ra4 g5 43. hxg5+ fxg5 44. Re4 h4 45. Re6+ Kg7 46. c3 h3 47. Bd5 h2 48. Ka2 Rg1 49. Re7+ Kh6 50. Re8 Kg7 51. Re7+ Kf6 52. Rh7 Rd1 53. Bc6 Rd2 54. Kb3 g4 55. c4 g3 56. Kc3 Rf2 57. Rh6+ Kg5 58. Rh8 Kf4 59. Rf8+ Ke3 60. Re8+ Kf4 61. Rf8+ Kg5 62. Rg8+ Kf6 63. Rxg3 Bc7 64. Rf3+ Rxf3+ 65. Bxf3 Kg5 66. Bd5 Kf4 67. Kb4 Ke3 68. Kb5 Be5 69. b4 Bc3 70. Ka4 Kd4 71. Kb5 Ke5 72. Bb7 Kd6 73. Bh1 Kc7 74. c5 Bd2 75. Ka6 Bxb4 76. Kxa7 Bxc5+ 77. Ka6 Kd6 78. Kb5 Bf2 79. Kc4 Ke5 80. Kd3 Kf4 81. Ke2 Kg4 82. Kf1 Kg3 83. Ke2 Bb6 84. Kf1 Kf4 85. Kg2 Bg1 86. Kf1 Ke3 87. Kg2 Ke2 88. Kg3 Kf1 89. Kh3 Kf2 90. Bg2 Ke1 91. Bh1 Be3 92. Bg2 Bf4 93. Bh1 Kf2 94. Bg2 Kg1 95. Bf3 Bd6 96. Be4 Kf2 97. Bd5 Ke3 98. Ba8 Kd4 99. Kg2 Kc5 100. Kh1 Kb6 101. Bd5 Ka7 102. Bf3 Kb6 103. Bg2 Kc5 104. Bf3 Kd4 105. Bb7 Ke3 106. Ba8 Kf2 107. Bb7 Bg3 108. Bc6 Ke3 109. Bb7 Kd4 110. Ba8 Kc5 111. Bb7 Kb6 112. Bf3 Kc7 113. Bg2 Kd6 114. Bf3 Ke7 115. Bg2 Kf6 116. Bf3 Ke5 117. Bc6 1/2-1/2


[Site "https://www.chess.com"]

[Event "Titled Tuesday Blitz March 21 Late 2023"]
[White "Preotu, Razvan"]
[Black "Michalski, Olaf"]
[WhiteFideId "2613280"]
[BlackFideId "1106740"]
[WhiteElo "2407"]
[BlackElo "2173"]
[Result "1-0"]
[Round "02"]
[TimeControl "180+2"]
[Date "2023.03.21"]
[WhiteClock "0:00:19"]
[BlackClock "0:00:02"]

1. e4 c5 2. Nf3 a6 3. c3 Nf6 4. e5 Nd5 5. d4 e6 6. c4 Nb6 7. d5 d6 8. Nc3 dxe5 9. Nxe5 exd5 10. cxd5 Bd6 11. Nf3 O-O 12. Bg5 Re8+ 13. Be2 f6 14. Bh4 Bg4 15. O-O N8d7 16. Re1 Qc7 17. h3 Bxf3 18. Bxf3 g5 19. Bg3 Bxg3 20. fxg3 Qxg3 21. d6 Rxe1+ 22. Qxe1 Qxd6 23. Bxb7 Rb8 24. Bxa6 Qd4+ 25. Kh1 Ne5 26. Rd1 Qf4 27. Qe2 Kg7 28. Ne4 c4 29. Rf1 Qh4 30. Nxf6 Rf8 31. Qxe5 1-0


[Site "https://www.chess.com"]

[Event "Titled Tuesday Blitz March 21 Late 2023"]
[White "Bitoon, Richard"]
[Black "Oliveira, Tiago Batista"]
[WhiteFideId "5201110"]
[BlackFideId "2108291"]
[WhiteElo "2374"]
[BlackElo "1962"]
[Result "1-0"]
[Round "02"]
[TimeControl "180+2"]
[Date "2023.03.21"]
[WhiteClock "0:00:20"]
[BlackClock "0:00:03"]

1. e4 c5 2. c3 Nc6 3. d4 cxd4 4. cxd4 d5 5. exd5 Qxd5 6. Nf3 Bg4 7. Be2 Nf6 8. Nc3 Qd8 9. d5 Nb8 10. Bg5 Nbd7 11. h3 Bxf3 12. Bxf3 Qa5 13. O-O g6 14. a3 Bg7 15. b4 Qd8 16. d6 e6 17. Bxb7 Rb8 18. Bc6 Qb6 19. Bxf6 Bxf6 20. Bxd7+ Kxd7 21. Ne4 Bd4 22. Rc1 Rhc8 23. Qf3 f5 24. Ng5 e5 25. Nf7 Ke6 26. Qb3+ Kf6 27. d7 Rxc1 28. Rxc1 Bxf2+ 29. Kh1 Bg3 30. d8=Q+ Rxd8 31. Nxd8 Qxd8 32. Qxg3 1-0


[Site "https://www.chess.com"]

[Event "Titled Tuesday Blitz March 21 Late 2023"]
[White "Matlakov, Maxim"]
[Black "Quinones Garcia, Santiago"]
[WhiteFideId "4168003"]
[BlackFideId "4408497"]
[WhiteElo "2666"]
[BlackElo "2263"]
[Result "1-0"]
[Round "02"]
[TimeControl "180+2"]
[Date "2023.03.21"]
[WhiteClock "0:00:49"]
[BlackClock "0:00:02"]

1. d4 Nf6 2. Nf3 g6 3. Bf4 Bg7 4. e3 d6 5. h3 O-O 6. Be2 Nc6 7. Bh2 Nd7 8. O-O e5 9. c3 f5 10. b4 e4 11. Nfd2 Nf6 12. b5 Ne7 13. c4 g5 14. Nc3 Ng6 15. c5 Qe7 16. cxd6 cxd6 17. Qb3+ Kh8 18. Nd5 Nxd5 19. Qxd5 Rd8 20. Bc4 Qf6 21. Rac1 Ne7 22. Qf7 d5 23. Qxf6 Bxf6 24. Be2 Bd7 25. Nb3 b6 26. Rc7 Kg8 27. a4 Kf7 28. f3 Be6 29. a5 Rac8 30. Rfc1 Rxc7 31. Bxc7 Rd7 32. axb6 axb6 33. Bxb6 Rb7 34. Bc7 Nc8 35. Na5 Ra7 36. b6 Nxb6 37. Bxb6 Re7 38. Nc6 Rb7 39. Nd8+ Bxd8 40. Bxd8 h6 41. fxe4 1-0


[Site "https://www.chess.com"]